 Dungeon Crawl Stone Soup version 0.31-a0-202-g547052bce9 (webtiles) character file.

Game seed: 12958390135571496840

53 qw the Shooter (level 3, -2/20 HPs)
             Began as a Deep Elf Hunter on June 26, 2023.
             Slain by an adder (4 damage)
             ... on level 2 of the Dungeon.
             The game lasted 00:00:25 (1032 turns).

qw the Shooter (Deep Elf Hunter)                    Turns: 1032, Time: 00:00:25

Health: -2/20      AC:  5    Str: 10    XL:     3   Next: 64%
Magic:  5/5        EV: 11    Int: 13    God:
Gold:   113        SH:  0    Dex: 18    Spells: 2/2 levels left

rFire   . . .        Y - +0 shortbow
rCold   . . .        (shield currently unavailable)
rNeg    . . .        d - +0 ring mail
rPois   .            (no helmet)
rElec   .            (no cloak)
rCorr   .            (no gloves)
SInv    .            (no boots)
Will    .....        (no amulet)
Stlth   +            (no ring)
HPRegen 0.23/turn    (no ring)
MPRegen 0.09/turn

%: no passive effects
@: no status effects
A: no striking features
a: no special abilities


You were on level 2 of the Dungeon.
You visited 1 branch of the dungeon, and saw 2 of its levels.

You collected 113 gold pieces.


   Skills:
 - Level 1.5 Fighting
 + Level 7.1 Ranged Weapons
 - Level 2.4 Dodging
 - Level 1.2 Stealth


You had 2 spell levels left.
You didn't know any spells.
Your spell library was empty.

Inventory:

Hand Weapons
 Y - a +0 shortbow (weapon)
Armour
 d - a +0 ring mail (worn)
Scrolls
 a - a scroll of identify

Dungeon Overview and Level Annotations

Branches:
Dungeon (2/15)

Altars:


Message History

The adder misses you. The adder barely misses you.
You shoot an arrow. The arrow hits the adder.
You kill the adder!
The adder bites you. The adder bites you but does no damage.
You shoot an arrow.
The arrow hits the adder but does no damage.
The adder bites you but does no damage. The adder bites you.
You are poisoned.
The adder poisons you!
You shoot an arrow. The arrow closely misses the adder.
You feel sick. The adder barely misses you.
You shoot an arrow. The arrow hits the adder.
The adder is moderately wounded.
You feel sick. The adder completely misses you. The adder barely misses you.
You shoot an arrow. The arrow hits the adder.
The adder is heavily wounded.
You feel sick.
You are no longer poisoned.
The adder bites you but does no damage.
You shoot an arrow. The arrow barely misses the adder.
The adder bites you but does no damage. x2
You shoot an arrow. The arrow barely misses the adder.
The adder bites you. The adder barely misses you.
You shoot an arrow. The arrow closely misses the adder.
The adder bites you but does no damage.
You shoot an arrow. The arrow barely misses the adder.
The adder closely misses you. The adder bites you but does no damage.
You shoot an arrow. The arrow hits the adder.
The adder is severely wounded.
The adder barely misses you.
You shoot an arrow. The arrow closely misses the adder.
The adder bites you. The adder bites you but does no damage.
You shoot an arrow. The arrow hits the adder.
The adder is almost dead.
The adder bites you but does no damage.
You shoot an arrow. The arrow closely misses the adder.
The adder misses you. The adder bites you but does no damage.
You shoot an arrow. The arrow misses the adder.
The adder bites you. x2
You die...

.....#......#.#
#......#.#
.........#
#.#.####.######
+.............#
#.#.###...###..#
#.#.......+
......S...#
..#....@..#
..........+
..........#
...######.# ...
.# .. .. .#. ..


You could see an adder.

Vanquished Creatures
  An adder (D:2)
  4 bats (D:1)
  2 endoplasms (D:1)
  A giant cockroach (D:1)
  3 goblins (D:1)
  3 hobgoblins (D:1)
  9 jackals (D:1)
  2 quokkas (D:1)
  5 ball pythons
  2 frilled lizards (D:1)
  4 kobolds (D:1)
  A rat (D:1)
37 creatures vanquished.

Notes
Turn   | Place    | Note
-------+----------+-------------------------------------------
     0 | D:1      | qw the Deep Elf Hunter began the quest for the Orb.
     0 | D:1      | Reached XP level 1. HP: 12/12 MP: 3/3
     0 | D:1      | 0 ||| qw: Version: 0.3-a-22-g0ed2b0b
     0 | D:1      | 0 ||| qw: Game counter: 6172
     0 | D:1      | 0 ||| qw: Melee chars always use a shield: true
     0 | D:1      | 0 ||| qw: God list: Okawaru
     0 | D:1      | 0 ||| qw: Allow faded altars: false
     0 | D:1      | 0 ||| qw: Do Orc after clearing Dungeon:15 true
     0 | D:1      | 0 ||| qw: Do second Lair branch before Depths: true
     0 | D:1      | 0 ||| qw: Lair rune preference: random
     0 | D:1      | 0 ||| qw: Goals: Normal
     0 | D:1      | 0 ||| PLANNING D:1-11
   122 | D:1      | Reached skill level 6 in Ranged Weapons
   122 | D:1      | Reached XP level 2. HP: 11/16 MP: 4/4
   457 | D:1      | Reached XP level 3. HP: 20/20 MP: 5/5
   845 | D:1      | 845 ||| UPGRADING to +0 ring mail.
   855 | D:1      | 855 ||| DROPPING +0 leather armour.
   856 | D:1      | 856 ||| READING 2 scrolls labelled PACAUTZ IXKAZE.
   857 | D:1      | 857 ||| READING scroll labelled SUWONL FIDOP.
   858 | D:1      | 858 ||| READING scroll labelled MUPPOCA ROSHRA.
   895 | D:1      | 895 ||| READING scroll labelled GAOGOQY FAGI.
   899 | D:1      | 899 ||| DROPPING scroll of butterflies.
   934 | D:2      | Found a faded altar of an unknown god.
   943 | D:2      | Reached skill level 7 in Ranged Weapons
  1025 | D:2      | HP: 5/20 [adder (3)]
  1032 | D:2      | HP: 2/20 [adder (2)]
  1032 | D:2      | Slain by an adder

Levels and vault maps discovered:
D:1:      ldierk_walled_garden_2, layout_basic, solitary_fountain
D:2:      layout_basic, nicolae_ecumenical_snake_handling

Skill      XL: |  1  2  3 |
---------------+----------+-----
Ranged Weapons | 6 7 |  7.1
Fighting       | |  1.5
Dodging        | |  2.4
Stealth        | |  1.2

Action                     || total
---------------------------++-------
   Fire: Shortbow          ||   107
    Use: Scroll            ||     4
 Armour: Leather armour    ||     8
         Ring mail         ||    13
  Dodge: Dodged            ||    55

Table legend:
 A = Non-vault XP
 B = Vault XP
 C = Vault XP percentage of total XP
 D = Non-vault monster count
 E = Vault monster count
 F = Vault count percentage of total count
                 A         B        C        D         E       F
            +---------+---------+-------+---------+---------+-------
      Total |      71 |       6 |   7.8 |      34 |       3 |   8.1
            +---------+---------+-------+---------+---------+-------
        D:1 |      57 |       0 |   0.0 |      33 |       0 |   0.0
        D:2 |      14 |       6 |  30.0 |       1 |       3 |  75.0
            +---------+---------+-------+---------+---------+-------
